 Dungeon Crawl Stone Soup version 0.21.0-3-g78d12a8 (console) character file.

25 ahub the Skirmisher (level 2, -1/24 HPs)
             Began as a Demonspawn Abyssal Knight on Jan 9, 2018.
             Was a Follower of Lugonu.
             Splashed by a jelly's acid (4 damage)
             ... on level 2 of the Dungeon.
             The game lasted 00:03:02 (1066 turns).

ahub the Skirmisher (Demonspawn Abyssal Knight)     Turns: 1066, Time: 00:03:02

Health: -1/24      AC: -2    Str: 12    XL:     2   Next: 82%
Magic:  0/4        EV: 10    Int: 13    God:    Lugonu [*.....]
Gold:   83         SH:  0    Dex: 12    Spells: 1/1 levels left

rFire    . . .     SeeInvis .   a - +1 falchion
rCold    . . .     Gourm    .   (no shield)
rNeg     . . .     Faith    .   d - +0 ring mail
rPois    .         Spirit   +   (no helmet)
rElec    .         Reflect  .   (no cloak)
rCorr    .         Harm     .   (no gloves)
MR       .....                  (no boots)
Stlth    +.........             (no amulet)
HPRegen  0.08/turn              (no ring)
MPRegen  0.09/turn              (no ring)

@: corroded
A: magic shield
a: Depart the Abyss, Renounce Religion


You were on level 2 of the Dungeon.
You worshipped Lugonu.
Lugonu was aware of your devotion.
You were hungry.

You visited 1 branch of the dungeon, and saw 2 of its levels.
You visited the Abyss 1 time.

You collected 83 gold pieces.

Inventory:

Hand Weapons
 a - a +1 falchion (weapon)
Armour
 d - a +0 ring mail (worn)
Scrolls
 b - 2 scrolls of teleportation {unknown}
 f - 2 scrolls of identify {unknown}
 h - a scroll of fear {unknown}
 i - a scroll of fog {unknown}
 k - a scroll of remove curse {unknown}
Potions
 e - 2 potions of curing {unknown}
 g - 2 potions of heal wounds {unknown}
 j - a potion of haste {unknown}
 l - a potion of degeneration {unknown}
Comestibles
 c - 3 rations


   Skills:
 + Level 3.6 Fighting
 + Level 2.1 Long Blades
 + Level 1.8 Armour
 + Level 0.8 Dodging
 + Level 3.0 Invocations


You had one spell level left.
You didn't know any spells.

Dungeon Overview and Level Annotations

Branches:
Dungeon (2/15)

Altars:


Innate Abilities, Weirdness & Mutations

When hurt, damage is shared between your health and your magic reserves.


Message History

The jelly hits you.
You are splashed with acid!
The acid burns!
* * * LOW HITPOINT WARNING * * *
You are too injured to fight recklessly!
You are too injured to fight recklessly!
You are too injured to fight recklessly!
You are too injured to fight recklessly!
You are too injured to fight recklessly!
You are too injured to fight recklessly!
You are too injured to fight recklessly!
You are too injured to fight recklessly!
You are too injured to fight recklessly!
You are too injured to fight recklessly!
You are too injured to fight recklessly!
You are too injured to fight recklessly!
You hit the jelly. The acid corrodes you!
Your hands burn!
* * * LOW HITPOINT WARNING * * *
The jelly is severely wounded.
The jelly closely misses you.
You hit the jelly. The acid corrodes you!
Your hands burn!
You die...

... #.# #.# #.# #.#
#.# ##.## #..<# ###
#.##########.##.J..÷(#
#.####....#.#.#PPP÷.÷#
#..##.....#.#@#...J..#
#..(†.....#'#J#P.JPP÷#
#.(').......#J#J.....#
##.'........#J#PJP.PP#
#.##.......#.#.....÷#
#####......##'PJPPPP#
##########....÷.#
#######


You could see a jelly and 2 oozes.

Vanquished Creatures
  2 oozes (D:2)
  2 goblins (D:1)
  2 bats (D:1)
  8 kobolds
  5 rats (D:1)
19 creatures vanquished.

Vanquished Creatures (others)
  A toadstool (D:2)
1 creature vanquished.

Grand Total: 20 creatures vanquished

Notes
Turn   | Place    | Note
-------+----------+-------------------------------------------
     0 | Abyss:1  | ahub the Demonspawn Abyssal Knight began the quest for the Orb.
     0 | Abyss:1  | Reached XP level 1. HP: 18/18 MP: 2/2
    54 | Abyss:1  | Noticed a small abomination
   121 | Abyss:2  | Noticed a neqoxec
   127 | Abyss:2  | Noticed a large abomination
   133 | Abyss:2  | Noticed a hellion
   134 | D:1      | Escaped the Abyss
   193 | D:1      | Reached * piety under Lugonu
   665 | D:1      | Gained mutation: When hurt, damage is shared between your health and your magic reserves. [demonic ancestry]
   665 | D:1      | Reached XP level 2. HP: 21/24 MP: 3/3
  1066 | D:2      | Splashed by a jelly's acid

Skill      XL: |  1  2 |
---------------+-------+-----
Long Blades    | 2 |  2.1
Invocations    | 3 |  3.0
Fighting       | |  3.6
Armour         | |  1.8
Dodging        | |  0.8

Action                   || total
-------------------------++-------
Melee: Falchion          ||    64
Invok: Depart the Abyss  ||     1
Armor: Ring mail         ||    41
Dodge: Dodged            ||    56
       Rpst.: Falchion   ||    21
